[Event "Early-Titled-Tuesday-Blitz-April-02-2024"]
[Site "Chess.com"]
[Date "2024.04.02"]
[Round "4"]
[White "Quattroporte300"]
[Black "nekotyanof"]
[Result "0-1"]
[WhiteElo "2506"]
[BlackElo "2674"]
[TimeControl "180+1"]
[EndTime "8:39:08 PDT"]
[Termination "nekotyanof won by resignation"]

1. e4 c5 2. Nf3 d6 3. d4 cxd4 4. Nxd4 Nf6 5. Nc3 a6 6. Be3 e5 7. Nb3 Be7 8. f3 Be6 9. Qd2 h5 10.
O-O-O h4 11. Nd5 Bxd5 12. exd5 Nbd7 13. Kb1 Qc7 14. c4 e4 15. f4 Ng4 16. Be2 Nxe3 17. Qxe3 f5 18. g4 g6 19. gxf5 gxf5 20. Nd4 Qb6 21.
Qd2 O-O-O 22. Nxf5 Bf6 23. Nd4 e3 24. Qd3 Rde8 25.
b3 Bxd4 26. Qxd4 Qxd4 27. Rxd4 Rhg8 28. Bf3 e2 29. Re1 Re3 30. Bxe2 Rg2 31. Rd2 Nf6 32. Kc1 Kc7 33. Kd1 Ne4 34. Rc2 Rxh2 35. b4 Rf2 36. c5 h3 37. c6 h2 38. cxb7+ Kxb7 39. Rh1 Rexe2 40. Rxe2 Nc3+ 41. Kd2 Nxe2 42. Ke3 Rg2 43. Kf3 Rg1 44. Rxh2 Nd4+ 45. Ke4 Nb5 46. Rc2 Re1+ 47. Kf3 Nd4+ 48. Kf2 Nxc2 49. f5 Re5 0-1

[Event "Early-Titled-Tuesday-Blitz-April-02-2024"]
[Site "Chess.com"]
[Date "2024.04.02"]
[Round "4"]
[White "masnyszachistaaa"]
[Black "Smiechu"]
[Result "0-1"]
[WhiteElo "2591"]
[BlackElo "2455"]
[TimeControl "180+1"]
[EndTime "8:39:08 PDT"]
[Termination "Smiechu won on time"]

1. g4 e5 2. Bg2 c6 3. c4 d6 4.
h3 Nf6 5. d4 Be7 6. Nc3 Be6 7. d5 cxd5 8. Nxd5 Nxd5 9. cxd5 Bd7 10. e4 Na6 11. Ne2 O-O 12. O-O Bg5 13. Qb3 Nc5 14. Qa3 Bb5 15. Re1 Nd3 16. Rd1 Nxc1 17. Nxc1 Qb6 18. Nd3 Rac8 19. Qb3 Rc7 20. a4 Bxd3 21.
Qxb6 axb6 22. Rxd3 Rc2 23. Rb3 Bd8 24. Bf1 g6 25.
Bd3 Rd2 26. Kf1 f5 27. exf5 Bh4 28. Be2 gxf5 29. Ke1 Rd4 30. Rf3 fxg4 31. Rxf8+ Kxf8 32. hxg4 Rf4 33. Ra3 Rxf2 34. Kd1 Rf4 35. Rb3 Rd4+ 36. Kc2 Rxa4 37. Rxb6 Rd4 38. Bf3 e4 39. Bg2 e3 40.
Kc3 e2 0-1

[Event "Early-Titled-Tuesday-Blitz-April-02-2024"]
[Site "Chess.com"]
[Date "2024.04.02"]
[Round "4"]
[White "JoshWeinstein"]
[Black "MasterKroket"]
[Result "0-1"]
[WhiteElo "2370"]
[BlackElo "2562"]
[TimeControl "180+1"]
[EndTime "8:39:08 PDT"]
[Termination "MasterKroket won by resignation"]

1. e4 e5 2. Nc3 Nc6 3. f4 exf4 4. Nf3 d6 5. Bb5 Be7 6. O-O Nf6 7. d4 O-O 8. Bxf4 Nd7 9. Bxc6 bxc6 10. e5 Rb8 11. b3 Ba6 12. Re1 c5 13. d5 c4 14.
Qd2 dxe5 15. Nxe5 Nxe5 16. Bxe5 Bf6 17. Qd4 Bxe5 18. Rxe5 Qf6 19. Ne4 Qb6 20. Nc5 Rbd8 21. Rd1 cxb3 22. axb3 Bb7 23. c4 Rd6 24. h3 Rfd8 25.
Kh2 c6 26. Nxb7 Qxb7 27. Qe4 h6 28. dxc6 Qc7 29. Re8+ Rxe8 30. Qxe8+ Kh7 31. Rxd6 Qxd6+ 32. Kg1 Qd4+ 33. Kf1 Qd1+ 34. Kf2 Qd2+ 35. Kg3 Qd6+ 36. Kf3 Qd1+ 37. Qe2 Qxb3+ 38. Kf2 Qb6+ 39. Kf3 Qxc6+ 40. Qe4+ Qg6 41. c5 f5 42. Qd5 Qh5+ 43. Kf2 Qh4+ 44. g3 Qxh3 45. c6 Qh2+ 46. Qg2 Qh5 47. Qf3 Qf7 48. Qf4 Qa2+ 49. Kf3 Qd5+ 50. Kf2 Qxc6 51. Qxf5+ Qg6 52. Qf3 Qf6 53. Qxf6 gxf6 0-1

[Event "Early-Titled-Tuesday-Blitz-April-02-2024"]
[Site "Chess.com"]
[Date "2024.04.02"]
[Round "4"]
[White "MikeWizard"]
[Black "AA95"]
[Result "0-1"]
[WhiteElo "2180"]
[BlackElo "2495"]
[TimeControl "180+1"]
[EndTime "8:39:08 PDT"]
[Termination "AA95 won by checkmate"]

1. d4 Nf6 2. c4 g6 3. Nc3 Bg7 4. e4 d6 5. Be2 O-O 6. Nf3 Na6 7.
h3 e5 8. d5 Nc5 9. Qc2 a5 10.
O-O Bd7 11. b3 Ne8 12. a3 f5 13. b4 Nxe4 14. Nxe4 fxe4 15. Qxe4 axb4 16. Bg5 Bf6 17. Qh4 bxa3 18. Rfb1 b6 19. Rb3 e4 20. Bxf6 Qxf6 21.
Qxf6 Nxf6 22. Nd4 Ra5 23. Rbxa3 Rfa8 24. Rxa5 Rxa5 25. Re1 Ra4 26. g4 h6 27. Kg2 Kg7 28. Kg3 Nxd5 29. Nc2 Nc3 30. Bf1 Be6 31. Ne3 Rb4 32.
Rc1 Na4 33. Ra1 Kf6 34. Nc2 Rb2 35. Nd4 Bd7 36. Nb5 Bxb5 37. cxb5 Nc5 38. Ra7 Rb3+ 39.
Kg2 Nd3 40. Rxc7 Nf4+ 41. Kh2 Rb1 42. Bc4 d5 43. Rc6+ Ke5 44. Ba2 Rb2 45. Rxb6 Rxf2+ 46. Kg1 Rxa2 47. Rc6 Nxh3+ 48. Kf1 e3 49. Rc8 Nf4 50.
Re8+ Kd4 51. b6 Ra1# 0-1

[Event "Early-Titled-Tuesday-Blitz-April-02-2024"]
[Site "Chess.com"]
[Date "2024.04.02"]
[Round "4"]
[White "Kiborg95"]
[Black "FairChess_on_YouTube"]
[Result "0-1"]
[WhiteElo "2857"]
[BlackElo "3083"]
[TimeControl "180+1"]
[EndTime "8:39:09 PDT"]
[Termination "FairChess_on_YouTube won on time"]

1. e4 c5 2. Nc3 Nc6 3. Nge2 e6 4. d4 cxd4 5. Nxd4 a6 6. Be3 Nf6 7. Bd3 Qc7 8. Nb3 b5 9. f4 d6 10. O-O Be7 11. Qf3 Bb7 12. Qh3 Nb4 13. a3 Nxd3 14. cxd3 O-O 15. Nd4 Nd7 16. Rf3 Bf6 17. g4 g6 18. g5 Bg7 19. Qh4 Rfe8 20. Rh3 Nf8 21. Rf1 Qd7 22. f5 exf5 23. exf5 Rac8 24. f6 Bh8 25.
Rg3 Ba8 26. Ne4 Qb7 27. Nxd6 Qd5 28. Nxc8 Rxc8 29. Qh3 Re8 30. Kf2 h5 31. Ne2 Qxd3 32. Rc1 Ne6 33. Qh4 Qf5+ 34. Kg1 Qd5 35. Rf1 Nc5 36. Nc3 Qh1+ 37. Kf2 Qc6 38. Bxc5 Qxc5+ 0-1

[Event "Early-Titled-Tuesday-Blitz-April-02-2024"]
[Site "Chess.com"]
[Date "2024.04.02"]
[Round "4"]
[White "Matibar"]
[Black "agvania123"]
[Result "1-0"]
[WhiteElo "2724"]
[BlackElo "2412"]
[TimeControl "180+1"]
[EndTime "8:39:09 PDT"]
[Termination "Matibar won by resignation"]

1. Nc3 d5 2. Nf3 Nf6 3. e3 g6 4.
g3 Bg7 5. Bg2 O-O 6. O-O c5 7.
b3 Nc6 8. Bb2 b6 9. d3 Bb7 10. Re1 e6 11. h4 Qc7 12. a4 a6 13.
Qc1 Rad8 14. e4 dxe4 15. Nxe4 Nxe4 16. Bxg7 Kxg7 17. dxe4 Nd4 18. Qb2 e5 19. Rad1 f6 20. Nh2 h5 21. c3 Ne6 22. Nf1 Rxd1 23. Rxd1 Rd8 24. Rxd8 Qxd8 25. Qc2 c4 26. b4 a5 27. Ne3 Qd3 28. Qxd3 cxd3 29. Kf1 axb4 30. cxb4 Nd4 31. Ke1 f5 32. exf5 Bxg2 33. Nxg2 Nc2+ 34. Kd2 Nxb4 35. fxg6 Kxg6 36. Ne3 e4 37. Nc4 Nc6 38. Nd6 Kf6 39. Nxe4+ Ke5 40. Kxd3 Nb4+ 41. Kc4 Kxe4 42. Kxb4 Kf3 43.
Kb5 Kxf2 44. Kxb6 Kxg3 45. a5 Kxh4 46. a6 Kg3 47. a7 h4 48. a8=Q Kh2 49. Qa2+ Kh1 50.
Qb1+ Kh2 51. Qc2+ Kh1 52. Qd1+ Kh2 53. Qe2+ Kg3 54. Qe3+ Kg2 55. Qg5+ Kh3 56. Kc5 1-0

[Event "Early-Titled-Tuesday-Blitz-April-02-2024"]
[Site "Chess.com"]
[Date "2024.04.02"]
[Round "4"]
[White "Kimkibo"]
[Black "campochess"]
[Result "0-1"]
[WhiteElo "2374"]
[BlackElo "2193"]
[TimeControl "180+1"]
[EndTime "8:39:09 PDT"]
[Termination "campochess won by resignation"]

1. d4 d5 2. Nf3 e6 3. Bf4 a6 4. e3 Nd7 5. Be2 Ngf6 6. h3 Bd6 7. Ne5 Nf8 8. Nd2 Ng6 9. Bh2 Bxe5 10. dxe5 Nd7 11. f4 Nb6 12. c3 O-O 13. O-O f6 14.
Bh5 Nh8 15. Nb3 Qe7 16. Nd4 Bd7 17. Qe2 c5 18. Nb3 a5 19. Rad1 a4 20. Nc1 c4 21.
exf6 Rxf6 22. e4 dxe4 23. Qxe4 Bc6 24. Qe2 Raf8 25. Rde1 Qc5+ 26. Kh1 Ng6 27. Bxg6 hxg6 28. Qe3 Qxe3 29. Rxe3 Nd5 30. Re5 g5 31. Rfe1 Nxf4 32. Bxf4 gxf4 33. Rxe6 f3 34. gxf3 Rxf3 35. Kh2 Rf2+ 36.
Kg3 Rg2+ 37. Kh4 Rf4+ 38. Kh5 Rg3 39. Rxc6 bxc6 40. Re6 Rf6 41. Rxf6 gxf6 42. Ne2 Rxh3+ 43. Kg6 Rh2 44. Nd4 Rxb2 45. Kxf6 Rxa2 46. Ke5 Rc2 47. Nxc6 Rxc3 48. Kd4 Rc1 49. Kc5 a3 50. Nb4 Rb1 51. Na2 Rb2 52. Nc1 a2 0-1

[Event "Early-Titled-Tuesday-Blitz-April-02-2024"]
[Site "Chess.com"]
[Date "2024.04.02"]
[Round "4"]
[White "chessdjw"]
[Black "Vesper2018"]
[Result "1-0"]
[WhiteElo "2795"]
[BlackElo "2590"]
[TimeControl "180+1"]
[EndTime "8:39:11 PDT"]
[Termination "chessdjw won by checkmate"]

1. e4 c5 2. Nf3 d6 3. Bc4 Nf6 4. d3 Nc6 5. O-O g6 6. h3 Bg7 7. c3 O-O 8. a4 e6 9. Qe2 d5 10. Bb5 c4 11. e5 cxd3 12. Bxd3 Nd7 13. Bf4 Nc5 14. Nbd2 Nxd3 15. Qxd3 Qc7 16. Rfe1 b6 17.
b4 Rd8 18. Nb3 Ne7 19. Nfd4 a6 20. Rac1 Bb7 21. a5 bxa5 22. Nxa5 Nc6 23. Naxc6 Bxc6 24. Ra1 Bb7 25. Ra5 Rac8 26. Re3 Qc4 27. Qd2 Qc7 28. h4 h5 29. Qe1 Re8 30. Bg5 Qd7 31. Rf3 Rc4 32.
Bf6 Bh6 33. Bg5 Bf8 34. Qd2 Rec8 35. Ra3 Qc7 36. Bh6 Bxh6 37. Qxh6 Qxe5 38. Rg3 Qg7 39. Qd2 e5 40. Nb3 d4 41. Nc5 Bd5 42. Rxa6 dxc3 43.
Qxd5 Rd4 44. Raxg6 Rxd5 45. Rxg7+ Kh8 46. R7g5 c2 47.
Rxh5# 1-0

[Event "Early-Titled-Tuesday-Blitz-April-02-2024"]
[Site "Chess.com"]
[Date "2024.04.02"]
[Round "4"]
[White "kereswasbest"]
[Black "AccioChess"]
[Result "0-1"]
[WhiteElo "2258"]
[BlackElo "2469"]
[TimeControl "180+1"]
[EndTime "8:39:11 PDT"]
[Termination "AccioChess won by resignation"]

1. e4 e5 2. Nf3 Nc6 3. Bb5 a6 4. Bxc6 dxc6 5. Nc3 Bd6 6. d4 f6 7. dxe5 fxe5 8. Bg5 Nf6 9. Qd2 O-O 10. O-O Be6 11. h3 Qe8 12. Qe3 Nh5 13. Nh2 Qg6 14. Ne2 h6 15.
Bh4 Nf4 16. Nxf4 Rxf4 17. Bg3 Rxe4 18. Qd3 Bc4 19. Qc3 Bxf1 20. Nxf1 Rd4 21. Ne3 Rd8 22.
Qb3+ Qf7 23. Qxb7 Rd2 24. Qxc6 e4 25. Bxd6 Qxf2+ 26. Kh1 Qxe3 27. Qc4+ Kh7 28. Bxc7 Rd1+ 29. Rxd1 Rxd1+ 30. Kh2 Qg1+ 31. Kg3 Qe1+ 32. Kh2 Rd2 33. Qe6 Qf1 34. Qxe4+ Kg8 35. Qe8+ Qf8 36. Qe6+ Qf7 37. Qxf7+ Kxf7 38. Ba5 Rxc2 39. Bc3 g5 40. a3 Kg6 41.
Kg3 h5 42. Kf3 Kf5 43. g4+ hxg4+ 44. hxg4+ Ke6 45. Ke3 Rg2 46. Kf3 Rc2 47. Ke3 Rh2 48.
Kf3 Rh3+ 49. Kf2 Rd3 50. Kg2 Kd5 51. Kf2 Ke4 52. Kg2 Kf4 53. Bb4 Kxg4 54. a4 Rd4 55. Bc3 Rxa4 0-1

[Event "Early-Titled-Tuesday-Blitz-April-02-2024"]
[Site "Chess.com"]
[Date "2024.04.02"]
[Round "4"]
[White "Anton_Demchenko"]
[Black "tetrix83"]
[Result "1/2-1/2"]
[WhiteElo "2969"]
[BlackElo "2624"]
[TimeControl "180+1"]
[EndTime "8:39:13 PDT"]
[Termination "Game drawn by repetition"]

1. e4 c5 2. Nf3 Nc6 3. Bb5 d6 4. O-O Nf6 5. Re1 Bd7 6. c3 a6 7.
Bf1 Bg4 8. h3 Bxf3 9. Qxf3 g6 10.
d3 Bg7 11. Be3 Nd7 12. Qd1 Qb6 13. Qc2 O-O 14. Nd2 Rac8 15. a4 Rfd8 16. Ra2 e6 17. f4 d5 18. Bf2 Qc7 19. g3 b5 20. axb5 axb5 21. exd5 exd5 22. Bg2 d4 23. Ra6 Ndb8 24. Ra8 dxc3 25. bxc3 b4 26. Bxc5 Nd4 27. cxd4 Bxd4+ 28. Kh2 Bxc5 29. Qb3 Bd4 30. Nc4 Bc3 31. Rd1 Nc6 32.
Rxc8 Rxc8 33. h4 Nd4 34. Qa4 Qe7 35. Ne5 Nf5 36. Qa6 Rf8 37. Qb5 Ne3 38. Rb1 Nxg2 39. Kxg2 Re8 40. Qd5 Bxe5 41. fxe5 Rc8 42. Kh3 Rd8 43.
Qe4 Qd7+ 44. Kg2 Qxd3 45. Qxd3 Rxd3 46. Rxb4 Re3 47. Rb5 h5 48. Kf2 Re4 49. Kf3 Re1 50.
Kf2 Re4 51. Kf3 Re1 52. Kf2 Re4 1/2-1/2

[Event "Early-Titled-Tuesday-Blitz-April-02-2024"]
[Site "Chess.com"]
[Date "2024.04.02"]
[Round "4"]
[White "LeoWin2012"]
[Black "LornerAcosta"]
[Result "1-0"]
[WhiteElo "2335"]
[BlackElo "2611"]
[TimeControl "180+1"]
[EndTime "8:39:13 PDT"]
[Termination "LeoWin2012 won on time"]

1. c4 Nf6 2. Nc3 e6 3. g3 d5 4. cxd5 exd5 5. Bg2 c6 6. d3 Be7 7. Nf3 O-O 8. O-O Re8 9. Bf4 h6 10. h3 Bf5 11. g4 Bh7 12. Re1 Bd6 13. Bxd6 Qxd6 14. e4 Nbd7 15. exd5 Nxd5 16. Nxd5 Qxd5 17. d4 Be4 18. Nh4 Bxg2 19. Nxg2 Nf6 20. Ne3 Qe4 21. Nf5 Qf4 22. Qd3 g6 23. Ng3 Rad8 24. Qc3 Qxd4 25.
Rxe8+ Nxe8 26. Qxd4 Rxd4 27. Re1 Kf8 28. Re2 Nf6 29. Kg2 a5 30. a3 a4 31. f3 Nd5 32.
Kf2 Nf4 33. Rc2 Nxh3+ 34. Ke3 Rd5 35. Rc4 Rb5 36. Rxa4 Rxb2 37. Rb4 Rxb4 38. axb4 Ng5 39. f4 Ne6 40. f5 Nc7 41. Kd4 Ke7 42. Ne4 h5 43. gxh5 gxh5 44. Ke5 b6 45. f6+ Kd7 46. Ng5 h4 47. Ke4 Ke8 48. Kf3 Ne6 49. Ne4 1-0

[Event "Early-Titled-Tuesday-Blitz-April-02-2024"]
[Site "Chess.com"]
[Date "2024.04.02"]
[Round "4"]
[White "edgarhay012"]
[Black "ljuks68"]
[Result "1/2-1/2"]
[WhiteElo "2612"]
[BlackElo "2407"]
[TimeControl "180+1"]
[EndTime "8:39:14 PDT"]
[Termination "Game drawn by repetition"]

1. Nc3 d5 2. d4 Nf6 3. g3 Bf5 4. Bg2 e6 5. Nf3 h6 6. O-O Be7 7. Ne5 O-O 8. f3 Bh7 9. e4 c5 10. exd5 exd5 11. dxc5 Bxc5+ 12. Kh1 Nc6 13. Bf4 Re8 14.
Nxc6 bxc6 15. Qd2 a5 16. Rad1 a4 17. a3 Qb6 18. g4 Qxb2 19. g5 hxg5 20. Bxg5 Qxc2 21.
Qxc2 Bxc2 22. Rc1 Bg6 23. Bxf6 gxf6 24. Nxd5 Bxa3 25. Rxc6 Kg7 26. Nc7 Rec8 27. f4 Ra5 28.
Ne6+ fxe6 29. Rxc8 Bb2 30. Rc7+ Kh6 31. Bh3 Be4+ 32. Bg2 Bf5 33. Rd1 Ra6 34. Rd8 a3 35.
Rh8+ Kg6 36. Bf3 Bd3 37. Bg4 a2 38. Rg8+ Kh6 39. Rh8+ Kg6 40. Rg8+ Kh6 41. Rh8+ Kg6 1/2-1/2

[Event "Early-Titled-Tuesday-Blitz-April-02-2024"]
[Site "Chess.com"]
[Date "2024.04.02"]
[Round "4"]
[White "jumpingknight20"]
[Black "whiteglovethief"]
[Result "1-0"]
[WhiteElo "2684"]
[BlackElo "2549"]
[TimeControl "180+1"]
[EndTime "8:39:15 PDT"]
[Termination "jumpingknight20 won on time"]

1. Nf3 Nf6 2. g3 g6 3. Bg2 Bg7 4. O-O d5 5. d3 O-O 6. Nbd2 b6 7. e4 Bb7 8. exd5 Nxd5 9. Re1 c5 10. Ne4 Nc6 11. h4 h6 12. c3 Nf6 13. Qc2 Nxe4 14.
dxe4 Qc7 15. Bf4 e5 16. Be3 c4 17. h5 g5 18. Nh2 Ne7 19. Rad1 f5 20. exf5 Bxg2 21.
Kxg2 Nxf5 22. Qe4 Qf7 23. g4 Nh4+ 24. Kf1 Rad8 25. Ke2 Kh8 26. Rxd8 Rxd8 27. Rd1 Rd3 28. a3 Rxd1 29. Kxd1 Qe6 30. Nf1 Qd7+ 31. Kc2 b5 32.
Nd2 a5 33. Bb6 a4 34. Qa8+ Kh7 35. Qe4+ Kh8 36. Bc5 Kg8 37. Nf1 Qc8 38. Qd5+ Kh8 39. Ne3 Qc7 40. Bd6 Kh7 41. Bxc7 1-0

[Event "Early-Titled-Tuesday-Blitz-April-02-2024"]
[Site "Chess.com"]
[Date "2024.04.02"]
[Round "4"]
[White "HeroWilczek"]
[Black "Matols"]
[Result "1-0"]
[WhiteElo "2553"]
[BlackElo "2357"]
[TimeControl "180+1"]
[EndTime "8:39:15 PDT"]
[Termination "HeroWilczek won on time"]

1. d4 d5 2. c4 e6 3. Nf3 Nf6 4. g3 Bb4+ 5. Nbd2 dxc4 6. Qc2 b5 7. Bg2 Bb7 8. O-O O-O 9. Rd1 Nbd7 10. e4 c6 11. a3 Be7 12. b3 cxb3 13. Nxb3 a5 14. Bf4 Qb6 15. Ne5 Rfd8 16. Be3 Qc7 17. Nxd7 Rxd7 18. Bf4 Qb6 19. Nc5 Bxc5 20. dxc5 Qd8 21.
Bg5 b4 22. e5 h6 23. Rxd7 Qxd7 24. Bxf6 gxf6 25. exf6 Rd8 26. Qe4 Qd4 27. Qxd4 Rxd4 28. axb4 axb4 29. Ra7 Rd7 30. Ra4 Rd4 31. Kf1 Kh7 32. Ke2 Kg6 33. Ke3 Rc4 34. Ra7 Bc8 35. Rc7 Ba6 36. Rxc6 Bb5 37. Rb6 Rxc5 38. Kd4 Rc4+ 39.
Ke5 1-0

[Event "Early-Titled-Tuesday-Blitz-April-02-2024"]
[Site "Chess.com"]
[Date "2024.04.02"]
[Round "4"]
[White "Sofia_Blokhin"]
[Black "Sanyura"]
[Result "1/2-1/2"]
[WhiteElo "2265"]
[BlackElo "2618"]
[TimeControl "180+1"]
[EndTime "8:39:17 PDT"]
[Termination "Game drawn by repetition"]

1. d4 Nf6 2. c4 c5 3. d5 b5 4.
cxb5 a6 5. bxa6 g6 6. Nc3 Bg7 7.
e4 O-O 8. Be2 Bxa6 9. Nf3 d6 10.
O-O Nbd7 11. a4 Qa5 12. Bd2 Qb4 13. Bxa6 Rxa6 14. Qe2 Rfa8 15. b3 Qb7 16. Rab1 Nh5 17. Nb5 Rb6 18. Bg5 Ne5 19. Nxe5 Bxe5 20. f4 Bf6 21. g4 Bxg5 22. fxg5 Ng7 23. Qf3 e6 24. Rbd1 Rf8 25. Rf2 Rxb5 26. axb5 Qxb5 27. dxe6 Nxe6 28. Rxd6 Nxg5 29. Qe3 h6 30. Rdf6 Qb7 31. R6f4 Ra8 32. h4 Ra1+ 33. Kg2 Ne6 34. Rxf7 Qc6 35. R7f6 Kg7 36.
Rf7+ Kg8 37. R7f6 Kg7 38. g5 hxg5 39. hxg5 c4 40. Rf7+ Kg8 41. R7f6 Kg7 42. Rf7+ Kg8 43. R7f6 Kg7 1/2-1/2

[Event "Early-Titled-Tuesday-Blitz-April-02-2024"]
[Site "Chess.com"]
[Date "2024.04.02"]
[Round "4"]
[White "kleber2007"]
[Black "djano"]
[Result "0-1"]
[WhiteElo "2472"]
[BlackElo "2671"]
[TimeControl "180+1"]
[EndTime "8:39:18 PDT"]
[Termination "djano won by resignation"]

1. Nf3 c5 2. c4 g6 3. e4 Nc6 4. d4 cxd4 5. Nxd4 e5 6. Nb5 d6 7. Be2 Be6 8. O-O a6 9. N5c3 Nf6 10. Bg5 Bg7 11. Nd5 Bxd5 12. exd5 Nd4 13. Nc3 h6 14. Be3 Nf5 15. Qb3 O-O 16. Bb6 Qe7 17. Bd3 Nd7 18.
Bxf5 gxf5 19. f3 Kh8 20. Rae1 Rac8 21. Na4 Qh4 22. Rc1 h5 23. Bf2 Qg5 24. Qe3 f4 25.
Qa7 Rb8 26. Kh1 Rg8 27. Rg1 f5 28. Nc3 Bf6 29. b4 Rge8 30. c5 dxc5 31. bxc5 e4 32. c6 Ne5 33. Bd4 bxc6 34. dxc6 Nxc6 35. Bxf6+ Qxf6 36. Qc5 Nb4 37. Nd5 Nxd5 38. Qxd5 Re5 39. Qd7 Re7 40. Qd5 Rbe8 41. Rc6 Re6 42. Rxe6 Qxe6 43.
Qb7 e3 44. g3 e2 45. gxf4 Rg8 46. Rxg8+ Kxg8 47. Qb8+ Kf7 48. Qb7+ Kg6 0-1

[Event "Early-Titled-Tuesday-Blitz-April-02-2024"]
[Site "Chess.com"]
[Date "2024.04.02"]
[Round "4"]
[White "GlavkonVVS"]
[Black "Al_Shima"]
[Result "0-1"]
[WhiteElo "2650"]
[BlackElo "2469"]
[TimeControl "180+1"]
[EndTime "8:39:20 PDT"]
[Termination "Al_Shima won by resignation"]

1. c4 e5 2. Nc3 Nf6 3. g3 Bb4 4. Bg2 O-O 5. Nf3 Re8 6. O-O d6 7. d3 Bxc3 8. bxc3 Nc6 9. Rb1 e4 10. Nd4 Nxd4 11. cxd4 exd3 12. Qxd3 c6 13. e4 h6 14. f4 Nd7 15. Bb2 Nf8 16. d5 cxd5 17. cxd5 Nd7 18. Rfe1 f6 19. Bd4 b6 20. Rbd1 Bb7 21.
Qa3 Nc5 22. e5 fxe5 23. fxe5 Qc7 24. e6 a5 25. Qf3 Rxe6 26. dxe6 Bxf3 27. Bxf3 Re8 28.
Bd5 Kh7 29. Re3 Re7 30. Rf1 Qc8 31. Rf7 Qe8 32. Ref3 Kg8 33. Rxe7 Qxe7 34. Rf7 Qe8 35. Rxg7+ Kf8 36. e7+ Qxe7 37. Rxe7 Kxe7 38. Kf2 b5 39.
Ke3 Nd7 40. Bc6 b4 41. Kd3 Nf6 42. Bb6 Ng4 43. h3 Ne5+ 44. Ke4 Nxc6 45. Kd5 Kd7 46. h4 a4 47. Kc4 d5+ 48. Kxd5 b3 49. axb3 axb3 0-1

[Event "Early-Titled-Tuesday-Blitz-April-02-2024"]
[Site "Chess.com"]
[Date "2024.04.02"]
[Round "4"]
[White "arnash_bauyrzhan"]
[Black "Joachim100x"]
[Result "0-1"]
[WhiteElo "2353"]
[BlackElo "2550"]
[TimeControl "180+1"]
[EndTime "8:39:20 PDT"]
[Termination "Joachim100x won by resignation"]

1. e4 c5 2. Nf3 e6 3. d4 cxd4 4. Nxd4 Bc5 5. Nb3 Bb6 6. Bd3 Ne7 7. O-O O-O 8. c4 Nbc6 9. Nc3 f5 10. exf5 Nxf5 11. Ne4 d5 12. cxd5 exd5 13. Ng3 Nxg3 14.
hxg3 Qf6 15. Qh5 Bf5 16. Bg5 Qg6 17. Qxg6 hxg6 18. Rad1 Bxd3 19. Rxd3 Rf5 20. Be3 Ne5 21. Rc3 Bxe3 22. fxe3 Nc4 23. e4 Rxf1+ 24. Kxf1 Nb6 25.
exd5 Nxd5 26. Rd3 Nb4 27. Rd7 b6 28. a3 Nc6 29. Nd4 Nxd4 30. Rxd4 Rc8 31. Rd7 a5 32. b4 Rc3 33. bxa5 bxa5 34. a4 Rc4 35. Rd6 Kh7 36.
Ra6 Rxa4 37. Kf2 g5 38. Ra7 g4 39. Ke3 Ra2 40. Kf4 a4 41. Kxg4 a3 42. Kg5 Rxg2 43. g4 a2 44. Ra6 Rb2 45. Ra7 Rf2 46. Ra6 Kg8 47. Ra8+ Kf7 48. Ra7+ Ke6 49. Ra6+ Kd5 50.
Kg6 Rf6+ 0-1

[Event "Early-Titled-Tuesday-Blitz-April-02-2024"]
[Site "Chess.com"]
[Date "2024.04.02"]
[Round "4"]
[White "Durarbayli"]
[Black "AlexeiShirov"]
[Result "1-0"]
[WhiteElo "2945"]
[BlackElo "2808"]
[TimeControl "180+1"]
[EndTime "8:39:21 PDT"]
[Termination "Durarbayli won by resignation"]

1. e4 e5 2. Nf3 Nc6 3. d4 exd4 4. Nxd4 Qf6 5. Ne2 Bc5 6. Nf4 Nge7 7.
Nc3 d6 8. Be2 Be6 9. O-O O-O-O 10.
Ncd5 Bxd5 11. exd5 Ne5 12. Rb1 h5 13. b4 Bd4 14. Kh1 Ng4 15. Bxg4+ hxg4 16. Qxg4+ Kb8 17. Rb3 Rh4 18. Qf3 Rdh8 19. h3 Be5 20. Ne2 Nf5 21. Qd3 g5 22. f4 gxf4 23. Bxf4 Bxf4 24. Rxf4 Qa1+ 25. Kh2 Rxf4 26. Nxf4 Qe5 27. Qd2 Rh4 28. Rf3 Nd4 29. Rf2 b5 30. c3 Nf5 31. g3 Rh8 32. Qe2 Qxc3 33. Qxb5+ Kc8 34. Qd3 Qxd3 35. Nxd3 Ne3 36. Rxf7 Nxd5 37. b5 Re8 38. h4 Re3 39. Nf4 Nxf4 40. Rxf4 Re2+ 41. Kh3 Rxa2 42. h5 Ra1 43.
Kh4 a5 44. bxa6 Rxa6 45. h6 Kd7 46. h7 Ra1 47. Kg5 Rh1 48. Rh4 1-0

[Event "Early-Titled-Tuesday-Blitz-April-02-2024"]
[Site "Chess.com"]
[Date "2024.04.02"]
[Round "4"]
[White "YouJustFoundYourGodfather"]
[Black "sokidze"]
[Result "0-1"]
[WhiteElo "2587"]
[BlackElo "2790"]
[TimeControl "180+1"]
[EndTime "8:39:21 PDT"]
[Termination "sokidze won by resignation"]

1. d4 d5 2. Nf3 Nf6 3. g3 c5 4.
Bg2 cxd4 5. O-O h6 6. a4 e6 7. Nxd4 e5 8. Nb3 Nc6 9. Nc3 Be6 10. f4 exf4 11. Bxf4 Be7 12. Kh1 O-O 13. Qd3 Qd7 14. a5 Nb4 15. Qd2 Bh3 16. Be5 Bxg2+ 17. Kxg2 Qe6 18. Bd4 Ne4 19. Qd1 Nxc3 20. bxc3 Qe4+ 21. Kg1 Nxc2 22. Rf4 Qg6 23. Rb1 Bg5 24. Rf3 Na3 25. Ra1 Nc4 26. Nc5 b6 27. Nd3 Nxa5 28. h4 Be7 29.
Nf4 Qc6 30. Qd3 Nc4 31. Nh5 Bc5 32. Kh2 Bxd4 33. Qxd4 f6 34. Nf4 Ne5 35. Rff1 Rfd8 36. Rad1 Kh7 37. Nxd5 Kh8 38. Qf4 Rxd5 39. Qe4 Rad8 40.
c4 Qxc4 41. Rxd5 Qxe4 42. Rxd8+ Kh7 43. Rd2 Ng4+ 0-1

[Event "Early-Titled-Tuesday-Blitz-April-02-2024"]
[Site "Chess.com"]
[Date "2024.04.02"]
[Round "4"]
[White "IriBu"]
[Black "LeninGuerra"]
[Result "1-0"]
[WhiteElo "2581"]
[BlackElo "2715"]
[TimeControl "180+1"]
[EndTime "8:39:21 PDT"]
[Termination "IriBu won by checkmate"]

1. e4 c5 2. g3 b6 3. Bg2 Bb7 4. d3 e6 5. Nf3 d6 6. O-O Nd7 7. c3 Ngf6 8. Re1 Be7 9. Nbd2 O-O 10. a4 Rc8 11. h3 Rc7 12. b3 Qa8 13. Bb2 e5 14.
Nf1 Rd8 15. Ne3 Bf8 16. c4 g6 17. Nd5 Nxd5 18. exd5 Bg7 19. Nd2 f5 20. f4 Qc8 21.
Nf3 Re8 22. Ng5 Nf8 23. fxe5 dxe5 24. Qd2 h6 25. Nf3 Rce7 26. Re2 Qc7 27. Kh2 Qd6 28.
Rae1 Nd7 29. Nh4 Kh7 30. Bc3 Bf6 31. Nf3 a6 32. Qb2 b5 33. axb5 axb5 34. Qd2 b4 35. Bb2 e4 36. dxe4 fxe4 37. Bxf6 Nxf6 38. Nh4 Nh5 39. Qe3 Re5 40. Kg1 Rg5 41. g4 Nf4 42. Rf2 Nxg2 43. Nxg2 Re7 44. Ref1 Qd7 45. Rf6 Rge5 46. Nf4 Rf7 47. Rxf7+ Qxf7 48. Nd3 Qe7 49. Nxe5 Qxe5 50. Rf7+ Kg8 51. Rxb7 Qa1+ 52. Kg2 Qb1 53. Qf2 e3 54. Qf7+ Kh8 55. Qg7# 1-0

[Event "Early-Titled-Tuesday-Blitz-April-02-2024"]
[Site "Chess.com"]
[Date "2024.04.02"]
[Round "4"]
[White "PonyQueen07"]
[Black "NowInChess"]
[Result "1-0"]
[WhiteElo "2191"]
[BlackElo "2247"]
[TimeControl "180+1"]
[EndTime "8:39:21 PDT"]
[Termination "PonyQueen07 won on time"]

1. c4 e5 2. Nc3 Nf6 3. g3 g6 4. Bg2 Bg7 5. e4 O-O 6. Nge2 d6 7. O-O Nc6 8. d3 a5 9. Be3 Ng4 10. Bd2 f5 11. h3 Nf6 12. exf5 Bxf5 13. Bg5 Qd7 14.
Kh2 h6 15. Bxf6 Bxf6 16. Nd5 Bg7 17. Ne3 Be6 18. f4 Kh7 19. Qd2 Rae8 20. fxe5 Nxe5 21. Nf4 Bg8 22. Rac1 c6 23. d4 Nf7 24. Qd3 Nh8 25.
Rce1 Re7 26. Ng4 Rfe8 27. Rxe7 Qxe7 28. Rf2 Qf7 29. Re2 Rxe2 30. Qxe2 Qxc4 31. Qe4 Bd5 32. Qe7 Bf7 33. Qd8 Qxd4 34. Qe7 Qc4 35. h4 h5 36.
Nf6+ Bxf6 37. Qxf6 Qc2 38. Kh3 Qb1 39. Kh2 Qc2 40.
Kh1 Qf5 41. Qe7 Qb1+ 42. Kh2 Qxa2 43. Be4 Kh6 44. Qf6 1-0

[Event "Early-Titled-Tuesday-Blitz-April-02-2024"]
[Site "Chess.com"]
[Date "2024.04.02"]
[Round "4"]
[White "GM4life"]
[Black "Egor_Koshulyan"]
[Result "1-0"]
[WhiteElo "2587"]
[BlackElo "2735"]
[TimeControl "180+1"]
[EndTime "8:39:23 PDT"]
[Termination "GM4life won on time"]

1. d4 Nf6 2. Nf3 d5 3. c4 e6 4. g3 dxc4 5. Bg2 a6 6. O-O Nc6 7.
a4 Rb8 8. e3 b5 9. Qe2 Be7 10.
Nfd2 Nb4 11. Nc3 O-O 12. axb5 axb5 13. Ra5 c6 14. Ra7 Bb7 15. b3 Qb6 16. Ra1 Nbd5 17.
Bb2 Ba6 18. bxc4 bxc4 19. Rfb1 Bb5 20. Qd1 Qc7 21. e4 Nb4 22. Ba3 Nd3 23. Bxe7 Qxe7 24.
Qc2 e5 25. d5 Qc5 26. Nf1 Ng4 27. Nd1 cxd5 28. exd5 Rfc8 29. h3 Nf6 30. Nfe3 c3 31.
Nxc3 Qxc3 32. Qxc3 Rxc3 33. Rxb5 Rbc8 34. d6 g6 35. Bb7 Rd8 36. Rb6 Nc5 37. Bf3 e4 38.
Be2 Ne6 39. Rd1 Nd7 40. Rb7 Ne5 41. Ng4 Nxg4 42. hxg4 Nc5 43. Rc7 Na4 44. Ra1 Nb6 45. Rxc3 1-0